 Dungeon Crawl Stone Soup version 0.29-a0-378-gc08b2e8bf8 (webtiles) character file.

Game seed: 7239396433688483112

1310 zeratav the Grappler (level 8, -11/74 HPs)
             Began as a Troll Fighter on May 4, 2022.
             Mangled by Menkaure (21 damage)
             ... on level 5 of the Dungeon.
             The game lasted 00:08:15 (4335 turns).

zeratav the Grappler (Troll Fighter)                Turns: 4335, Time: 00:08:15

Health: -11/74     AC:  9    Str: 27    XL:     8   Next: 32%
Magic:  7/7        EV:  8    Int:  4    God:
Gold:   72         SH:  7    Dex:  9    Spells: 7/7 levels left

rFire   . . .      SeeInvis .   m - +4 war axe of Honour {pain, rElec Will++, axe}
rCold   . . .      Faith    .   b - +0 kite shield
rNeg    . . .      Spirit   .   v - +2 robe {Will+}
rPois   .          Reflect  .   (helmet restricted)
rElec   +          Harm     .   x - +2 cloak {rCorr}
rCorr   +          Rampage  .   (gloves unavailable)
Will    +++..                   (boots unavailable)
Stlth   +.........              (no amulet)
HPRegen 1.02/turn               (no ring)
MPRegen 0.10/turn               (no ring)

@: no status effects
A: large, unfitting armour, claws 3, regeneration 1, shaggy fur 1, tough skin 1
a: no special abilities


You were on level 5 of the Dungeon.
You visited 1 branch of the dungeon, and saw 6 of its levels.

You collected 199 gold pieces.
You spent 127 gold pieces at shops.


Innate Abilities, Weirdness & Mutations

You are too large for most types of armour.
You have claws for hands.
Your natural rate of healing is unusually fast.
You are covered in fur. (AC +1)
You have tough skin. (AC +1)


   Skills:
 - Level 2.5 Fighting
 - Level 2.6 Dodging
 - Level 2.6 Shields
 + Level 10.2 Unarmed Combat


You had 7 spell levels left.
You didn't know any spells.
Your spell library contained the following spells:

 Spells                   Type           Power      Damage    Failure   Level
 Sting                    Tmut/Pois      0%         1d3       80%         1
 Poisonous Vapours        Pois/Air       0%         N/A       91%         2
 Dazzling Flash           Conj/Hex       0%         N/A       99%         3
 Frozen Ramparts          Ice            0%         1d2       99%         3
 Gell's Gravitas          Tloc           0%         N/A       99%         3
 Teleport Other           Tloc           0%         N/A       99%         3
 Ice Form                 Ice/Tmut       0%         N/A       100%        4
 Olgreb's Toxic Radiance  Pois           0%         N/A       100%        4
 Summon Ice Beast         Ice/Summ       0%         N/A       100%        4
 Agony                    Necr           0%         N/A       100%        5
 Silence                  Hex/Air        0%         N/A       100%        5
 Summon Forest            Summ/Tloc      0%         N/A       100%        5
 Dispersal                Tloc           0%         N/A       100%        6
 Eringya's Noxious Bog    Tmut/Pois      0%         N/A       100%        6
 Summon Hydra             Summ           0%         N/A       100%        7

Inventory:

Hand Weapons
 m - the +4 war axe of Honour (weapon) {pain, rElec Will++, axe}
   (You found it on level 2 of the Dungeon)

   In the hands of one skilled in necromantic magic, it inflicts extra damage on
   living creatures.
   rElec:     It insulates you from electricity.
   Will:      It greatly increases your willpower.
Missiles
 f - 16 boomerangs (quivered) {throwing}
Armour
 b - a +0 kite shield (worn)
 v - a +2 robe of willpower (worn)
   (You took it off Jessica on level 3 of the Dungeon)
 x - a +2 cloak of preservation (worn)
   (You bought it in a shop on level 4 of the Dungeon)
Jewellery
 i - a ring of wizardry
   (You found it on level 5 of the Dungeon)
Wands
 t - a wand of flame (42)
   (You took it off Sigmund on level 3 of the Dungeon)
Scrolls
 a - a scroll of fog {unknown}
 d - a scroll of brand weapon {unknown}
 h - 2 scrolls of magic mapping {unknown}
 j - 3 scrolls of teleportation {unknown}
 k - 2 scrolls of poison {unknown}
 p - a scroll of amnesia {unknown}
 r - 2 scrolls of identify {unknown}
 s - a scroll of vulnerability {unknown}
Potions
 c - 2 potions of might
 g - 3 potions of mutation {unknown}
 l - 4 potions of curing {unknown}
 n - a potion of ambrosia {unknown}
 o - a potion of haste {unknown}
 q - a potion of heal wounds {unknown}
 u - a potion of attraction {unknown}

Dungeon Overview and Level Annotations

Branches:
Dungeon (6/15)
 Temple: D:4-7

Altars:
Okawaru
Qazlal
Sif Muna

Shops:
D:4 *=[[

Annotations:
D:4 2 runed translucent doors, sokol815's ghost, amateur OpBr
D:5 Menkaure

#............... ..######
#.......S........ ..........#
#......>...$...... .....#....#
#...$...M......#.. ....#....#
#..........(...# . ....#....#
#(..........#### #.......
#...........# #.......
#...........####### #.......
.........[....M@†..######.......
.########+########.........†)...
#.............. #...)..........
#.............. #.#...........#
#.............# +..#####......#
#.. #.######


You could see Menkaure (fast).


Message History

Okay, then.
Things that are here:
a +0 giant spiked club {mace}; an ogre corpse Menkaure, Prince of Dust comes into view.
Menkaure shouts!
An adder comes into view.
Menkaure calls on the powers of darkness!
The adder convulses!
The adder hisses angrily.
Your body is wracked with pain!
HP[-36]
You take 36 damage, and now have 38/74 hp.
MASSIVE DAMAGE!! (PAUSE) HP[+1] HP[+1] HP[+1] HP[+1] HP[+1] HP[+1]
You closely miss the adder. The adder bites you but does no damage.
The adder completely misses you.
HP[+2]
You regained 2 hp, and now have 46/74 hp.
You barely miss the adder. You block the adder's attack. The adder bites you.
You are poisoned.
The adder poisons you!
HP[-1]
You take 1 damage, and now have 45/74 hp.
You miss the adder.
You feel sick. The adder closely misses you.
A hound comes into view.
Menkaure calls on the powers of darkness!
The adder convulses!
Your body is wracked with pain!
* * * LOW HITPOINT WARNING * * *
The hound convulses!
The hound barks!
The adder bites you but does no damage.
HP[-22]
You take 22 damage, and now have 23/74 hp.
MASSIVE DAMAGE!! (PAUSE)
You miss the adder.
You feel sick.
You are no longer poisoned.
You block the adder's attack. You block the hound's attack.
The adder bites you but does no damage.
Menkaure casts a spell.
Menkaure seems to speed up.
You closely miss the adder. You hit the hound.
The hound bites you but does no damage. The adder barely misses you.
The hound bites you but does no damage. The adder bites you but does no damage.
Menkaure calls on the powers of darkness!
The adder convulses!
Your body is wracked with pain!
* * * LOW HITPOINT WARNING * * *
The hound convulses!
You block the hound's attack.
HP[-9]
You take 9 damage, and now have 14/74 hp.
You slash the hound!
You kill the hound!
You closely miss the adder. The adder barely misses you.
Menkaure says, "Why can't you leave me to my rest?"
The adder closely misses you.
HP[+1]
You miss the adder.
The adder bites you but does no damage. x3
HP[+2]
You regained 2 hp, and now have 17/74 hp.
There are monsters nearby!
You slash the adder!
You kill the adder!
Menkaure hits you.
* * * LOW HITPOINT WARNING * * *
HP[-3]
You take 3 damage, and now have 14/74 hp.
You slash Menkaure! Menkaure hits you.
* * * LOW HITPOINT WARNING * * *
Menkaure hits you but does no damage.
HP[-5]
You take 5 damage, and now have 9/74 hp.
You hit Menkaure but do no damage.
Menkaure hits you but does no damage. x2
HP[+2]
You regained 2 hp, and now have 11/74 hp.
You hit Menkaure.
Menkaure calls on the powers of darkness!
Your body is wracked with pain!
* * * LOW HITPOINT WARNING * * *
You block Menkaure's attack.
HP[-3]
You take 3 damage, and now have 8/74 hp.
You barely miss Menkaure.
Menkaure calls on the powers of darkness!
Your body is wracked with pain!
* * * LOW HITPOINT WARNING * * *
Menkaure points at you and mumbles some strange words.
You resist with almost no effort.
HP[-2]
You take 2 damage, and now have 6/74 hp.
You hit Menkaure. You block Menkaure's attack. x2
HP[+2]
You regained 2 hp, and now have 8/74 hp.
You slash Menkaure! Menkaure hits you!!
You die...

Skill      XL: |  1  2  3  4  5  6  7  8 |
---------------+-------------------------+-----
Unarmed Combat | 3 4 5 6 7 9 10 | 10.2
Fighting       | |  2.5
Dodging        | |  2.6
Shields        | |  2.6

Action                   |  1- 3 |  4- 6 |  7- 9 || total
-------------------------+-------+-------+-------++-------
Melee: Unarmed           |    73 |       |       ||    73
       War axe           |    29 |    50 |   108 ||   187
Throw: Throwing net      |       |       |     1 ||     1
       Boomerang         |       |       |     1 ||     1
 Stab: Sleeping          |     1 |       |       ||     1
Armor: Robe              |    26 |    16 |    39 ||    81
Dodge: Dodged            |    39 |    26 |    40 ||   105
Block: Kite shield       |    36 |    19 |    42 ||    97

Levels and vault maps discovered:
D:1:      sevenhm_arrival_forest_fort_small_4, layout_basic,
          shapermc_ecumenical_altar_gd, st_stairs_13
D:2:      layout_basic, dreamdust_princess_bridge, uniq_robin
D:3:      layout_loops_corners, gammafunk_temple_overflow_forgotten,
          uniq_sigmund, uniq_jessica
D:4:      layout_loops_corners, ebering_ghost_sewer_f, serial_shops,
          nicolae_shop_trees, kennysheep_little_box, shop_statue,
          nicolae_shop_overgrown_old_shop
D:5:      layout_basic, minmay_pentangle, uniq_ijyb, uniq_prince_ribbit1,
          uniq_menkaure
D:6:      layout_loops_corners, nicolae_overflow_crystal_walls

Notes
Turn   | Place    | Note
-------+----------+-------------------------------------------
     0 | D:1      | zeratav the Troll Fighter began the quest for the Orb.
     0 | D:1      | Reached XP level 1. HP: 22/22 MP: 0/0
     0 | D:1      | magus.rc [v1.9.6]
    56 | D:1      | You pick up a book of Rime and begin reading...
    56 | D:1      | You add the spells Frozen Ramparts, Ice Form and Summon Ice
                  | Beast to your library.
   161 | D:1      | You fall into a shaft and drop 1 floor!
   242 | D:2      | Reached XP level 2. HP: 29/29 MP: 1/1
   485 | D:2      | Identified the +4 war axe of Honour {pain, rElec Will++}
   655 | D:2      | Reached skill level 3 in Unarmed Combat
   655 | D:2      | Reached XP level 3. HP: 36/36 MP: 2/2
   792 | D:1      | You pick up a book of the Senses and begin reading...
   792 | D:1      | You add the spells Dazzling Flash, Agony and Silence to
                  | your library.
  1072 | D:1      | Found a faded altar of an unknown god.
  1566 | D:2      | Noticed Robin
  1587 | D:2      | Killed Robin
  1588 | D:2      | Reached skill level 4 in Unarmed Combat
  1588 | D:2      | Reached XP level 4. HP: 34/44 MP: 3/3
  1810 | D:3      | Noticed Sigmund
  1817 | D:3      | Killed Sigmund
  1818 | D:3      | Reached skill level 5 in Unarmed Combat
  1818 | D:3      | Reached XP level 5. HP: 45/50 MP: 4/4
  1996 | D:3      | Reached skill level 6 in Unarmed Combat
  1996 | D:3      | Reached XP level 6. HP: 35/59 MP: 5/5
  2172 | D:3      | Found a shimmering blue altar of Sif Muna.
  2172 | D:3      | Found an iron altar of Okawaru.
  2172 | D:3      | Found a stormy altar of Qazlal.
  2581 | D:3      | Noticed Jessica
  2588 | D:3      | Killed Jessica
  2881 | D:4      | Reached skill level 7 in Unarmed Combat
  2951 | D:4      | Reached XP level 7. HP: 46/66 MP: 6/6
  3038 | D:4      | You add the spells Summon Forest, Eringya's Noxious Bog and
                  | Summon Hydra to your library.
  3278 | D:4      | Found Tadofom's Jewellery Shop.
  3283 | D:4      | Found Ixtoosh's Antique Armour Boutique.
  3291 | D:4      | Bought a runed cloak for 127 gold pieces
  3357 | D:4      | Reached skill level 8 in Unarmed Combat
  3380 | D:4      | Found Fiuff's Antique Armour Shoppe.
  3381 | D:4      | Found a runed translucent door.
  3392 | D:4      | Noticed sokol815's ghost (amateur OpBr)
  3442 | D:4      | You add the spells Sting, Poisonous Vapours and Olgreb's
                  | Toxic Radiance to your library.
  3458 | D:4      | HP: 11/66 [ogre/+0 giant spiked club (31)]
  3735 | D:4      | Found a runed translucent door.
  3776 | D:4      | Found Ylica's Assorted Antiques.
  3911 | D:5      | Entered Level 5 of the Dungeon
  3986 | D:5      | You add the spells Gell's Gravitas, Teleport Other and
                  | Dispersal to your library.
  3992 | D:5      | Noticed Prince Ribbit
  4013 | D:5      | HP: 16/66 [Prince Ribbit (8)]
  4077 | D:5      | Killed Prince Ribbit
  4078 | D:5      | Reached skill level 9 in Unarmed Combat
  4078 | D:5      | Reached XP level 8. HP: 60/74 MP: 7/7
  4094 | D:5      | Noticed a two-headed ogre
  4263 | D:5      | Reached skill level 10 in Unarmed Combat
  4315 | D:5      | Noticed Menkaure
  4326 | D:5      | HP: 14/74 [??? (11)]
  4332 | D:5      | HP: 8/74 [??? (5)]
  4335 | D:5      | Mangled by Menkaure

Vanquished Creatures
  Prince Ribbit (D:5)
  Sigmund (D:3)
  A black bear (D:4)
  5 ogres
  2 scorpions (D:5)
  A jelly (D:3)
  3 orc priests (D:4)
  A hound (D:5)
  Jessica (D:3)
  An orc wizard (D:4)
  Robin (D:2)
  3 adders
  A shadow imp (D:4)
  A worm (D:2)
  5 dart slugs
  12 orcs
  2 bats
  3 endoplasms
  2 giant cockroaches
  11 goblins
  11 hobgoblins
  2 jackals (D:1)
  10 kobolds
  3 quokkas
  5 ball pythons
  3 frilled lizards
  5 rats
97 creatures vanquished.

Table legend:
 A = Non-vault XP
 B = Vault XP
 C = Vault XP percentage of total XP
 D = Non-vault monster count
 E = Vault monster count
 F = Vault count percentage of total count
                 A         B        C        D         E       F
            +---------+---------+-------+---------+---------+-------
      Total |    1303 |     569 |  30.4 |      84 |      13 |  13.4
            +---------+---------+-------+---------+---------+-------
        D:1 |      40 |       1 |   2.4 |      22 |       1 |   4.3
        D:2 |      47 |      28 |  37.3 |      17 |       8 |  32.0
        D:3 |      85 |     268 |  75.9 |      11 |       2 |  15.4
        D:4 |     712 |       0 |   0.0 |      28 |       0 |   0.0
        D:5 |     419 |     272 |  39.4 |       6 |       2 |  25.0
            +---------+---------+-------+---------+---------+-------

Illustrated notes

Table legend:
 A = Kills in this place as a percentage of kills in entire the game.
 B = Kills by you in this place as a percentage of kills by you in the entire game.
 C = Kills by friends in this place as a percentage of kills by friends in the entire game.
 D = Other kills in this place as a percentage of other kills in the entire game.
 E = Experience gained in this place as a percentage of experience gained in the entire game.
 F = Experience gained in this place divided by the number of levels of this place that you have seen.
                   A       B       C       D       E      F
               +-------+-------+-------+-------+-------+----------------------
         Total | 100.0 | 100.0 |   N/A |   N/A | 100.0 | 312.0
       Dungeon | 100.0 | 100.0 |   N/A |   N/A | 100.0 | 312.0
               +-------+-------+-------+-------+-------+----------------------

Table legend: (Time is in decaauts)
 A = Elapsed time spent in this place.
 B = Non-inter-level travel time spent in this place.
 C = Inter-level travel time spent in this place.
 D = Time resting spent in this place.
 E = Time spent auto-exploring this place.
 F = Levels seen in this place.
 G = Mean time per level.
                   A        B        C        D        E       F      G
               +--------+--------+--------+--------+--------+-----+--------+
         Total |   4466 |   4138 |    328 |    142 |   3221 |   6 |  744.3 |
       Dungeon |   4466 |   4138 |    328 |    142 |   3221 |   6 |  744.3 |
               +--------+--------+--------+--------+--------+-----+--------+

Top non-repeatable levels by time:
     D:4: 1324 daAuts
     D:2: 1061 daAuts
     D:3: 943 daAuts
     D:1: 779 daAuts
     D:5: 315 daAuts
     D:6: 43 daAuts
